 Dungeon Crawl Stone Soup version 0.29.1-1-gd02db6906a (webtiles) character file.

Game seed: 16415161687751834713

254 xian the Trooper (level 5, -30/42 HPs)
             Began as a Demonspawn Abyssal Knight on Oct 7, 2022.
             Was a Priest of Lugonu.
             Annihilated by an ogre
             ... wielding a +0 giant spiked club
              (35 damage)
             ... on level 4 of the Dungeon.
             The game lasted 00:06:24 (3149 turns).

xian the Trooper (Demonspawn Abyssal Knight)        Turns: 3149, Time: 00:06:27

Health: -30/42     AC:  9    Str: 15 (16) XL:     5   Next: 90%
Magic:  8/8        EV: 11    Int: 10 (11) God:    Lugonu [***...]
Gold:   119        SH:  0    Dex: 13      Spells: 8/8 levels left

rFire   . . .      SeeInvis .   e - +0 sling (freeze)
rCold   + . .      Faith    .   (no shield)
rNeg    . . .      Spirit   .   b - +0 leather armour
rPois   +          Reflect  .   (no helmet)
rElec   .          Harm     .   (no cloak)
rCorr   .          Rampage  .   (no gloves)
Will    .....                   (no boots)
Stlth   +.........              (no amulet)
HPRegen 0.14/turn               o - ring of poison resistance
MPRegen 0.11/turn               v - ring of protection from cold

@: sanguine armoured
A: claws 1, powered by death 1, sanguine armour 1
a: Renounce Religion, Depart the Abyss, Bend Space, Banish


You were on level 4 of the Dungeon.
You worshipped Lugonu.
Lugonu was most pleased with you.
You visited 1 branch of the dungeon, and saw 4 of its levels.
You visited the Abyss 1 time.

You collected 119 gold pieces.

Inventory:

Hand Weapons
 a - a +1 hand axe
 e - a +0 sling of freezing (weapon)
Missiles
 k - 3 poisoned darts
Armour
 b - a +0 leather armour (worn)
Jewellery
 o - a ring of poison resistance (left claw)
 v - a ring of protection from cold (right claw)
Scrolls
 d - 3 scrolls of immolation
 f - a scroll of magic mapping {unknown}
 g - 2 scrolls of identify
 l - a scroll of noise {unknown}
 n - 2 scrolls of poison {unknown}
 p - a scroll of fear
 q - a scroll of teleportation {unknown}
 s - 2 scrolls of enchant armour {unknown}
 t - a scroll of blinking {unknown}
 u - a scroll of vulnerability {unknown}
Potions
 c - a potion of heal wounds {unknown}
 h - 3 potions of curing
 m - a potion of degeneration


   Skills:
 + Level 3.8 Fighting
 + Level 1.8 Axes
 + Level 3.2 Ranged Weapons
 + Level 2.2 Armour
 + Level 1.2 Dodging
 + Level 0.6 Stealth
 * Level 2.3 Spellcasting
 + Level 2.7 Invocations


You had 8 spell levels left.
You didn't know any spells.
Your spell library contained the following spells:

 Spells                   Type           Power      Damage    Failure   Level
 Necrotise                Necr           4%         1d4       36%         1
 Shock                    Conj/Air       4%         1d3       36%         1
 Blink                    Tloc           2%         N/A       50%         2
 Lesser Beckoning         Tloc           1%         N/A       75%         3
 Swiftness                Air            1%         N/A       75%         3
 Vampiric Draining        Necr           1%         2d6       75%         3
 Airstrike                Air            0%         2d(1-17)  98%         4
 Fulminant Prism          Conj/Hex       0%         3d6       98%         4
 Iskenderun's Mystic Bla  Conj/Tloc      1%         2d3       98%         4
 Passage of Golubria      Tloc           1%         N/A       98%         4
 Agony                    Necr           1%         N/A       100%        5
 Lee's Rapid Deconstruct  Erth           0%         3d5*      100%        5
 Manifold Assault         Tloc           1%         N/A       100%        5
 Silence                  Hex/Air        0%         N/A       100%        5
 Lehudib's Crystal Spear  Conj/Erth      0%         10d2      100%        8


Dungeon Overview and Level Annotations

Branches:
Dungeon (4/15)
 Temple: D:4-7

Altars:

Annotations:
D:3 2 transporters, mitchisshort's ghost, amateur FoFi
D:4 Grinder; Ijyb


Innate Abilities, Weirdness & Mutations

You have sharp fingernails.
You regenerate a little health from kills.
When seriously injured, your blood forms armour. (AC +6)


Message History

Grinder shouts!
You shoot a sling bullet. The sling bullet hits Grinder.
Grinder is lightly wounded.
A ball python comes into view.
Grinder blinks!
You shoot a sling bullet. The ball python hisses angrily.
The sling bullet hits the ball python!
The sling bullet freezes the ball python.
You kill the ball python!
Lugonu accepts your kill.
No target in view!
No target in view!
No target in view!
No target in view!
The ogre shouts!
You shoot a sling bullet. The sling bullet hits the ogre.
The sling bullet freezes the ogre.
The ogre is lightly wounded.
You hear a shout!
You shoot a sling bullet.
The sling bullet hits the ogre but does no damage.
The ogre is lightly wounded.
Ijyb zaps a wand.
The bolt of light hits you!
You shoot a sling bullet.
The sling bullet closely misses the ogre.
Ijyb zaps a wand.
The bolt of light hits you!
You are confused.
Your blood congeals into armour.
You shoot a sling bullet. You shoot a sling bullet.
The ogre hits you with a +0 giant spiked club!!
* * * LOW HITPOINT WARNING * * *
You shoot a sling bullet. The sling bullet hits Ijyb.
The sling bullet freezes Ijyb.
Ijyb is moderately wounded.
You feel less confused.
The ogre hits you with a +0 giant spiked club!!
Ouch! That really hurt!
You die...

#######...#......#.....#
......†..........#.)...#
#######..#.............#
## #..#.#######.....#
.## #..#.. ##...#### ..#
#..# .# #..#.# ...# #..#
#.##.# ...# #..#
###.##.. ...# #...
#g.@###.. ....
#.###.....O..### ....
#.# #.....5..# .K..
#........# ....
..........# ...
.#........# ##
#.....<..# .........#


You could see Grinder, an ogre and Ijyb.

Vanquished Creatures
  Sigmund (D:4)
  4 adders
  A worm (D:2)
  A dart slug (D:2)
  2 ball pythons
  4 bats
  7 endoplasms
  4 giant cockroaches
  2 goblins (D:1)
  6 hobgoblins
  8 kobolds
  4 quokkas
  A frilled lizard (D:2)
  6 rats
51 creatures vanquished.

Notes
Turn   | Place    | Note
-------+----------+-------------------------------------------
     0 | Abyss:1  | xian the Demonspawn Abyssal Knight began the quest for the
                  | Orb.
     0 | Abyss:1  | Reached XP level 1. HP: 18/18 MP: 2/2
     1 | D:1      | Escaped the Abyss
   838 | D:1      | Gained mutation: When seriously injured, your blood forms
                  | armour. (AC +6) [demonic ancestry]
   838 | D:1      | Reached XP level 2. HP: 24/24 MP: 3/3
   968 | D:2      | Reached skill level 1 in Spellcasting
   986 | D:2      | HP: 1/24 [poisoned by an adder]
  1317 | D:2      | Gained mutation: You have sharp fingernails. [demonic
                  | ancestry]
  1317 | D:2      | Reached XP level 3. HP: 29/29 MP: 5/5
  1352 | D:2      | Reached skill level 1 in Ranged Weapons
  1551 | D:2      | Found a faded altar of an unknown god.
  1594 | D:2      | Reached *** piety under Lugonu
  1685 | D:2      | Reached skill level 1 in Dodging
  1685 | D:2      | Gained mutation: You regenerate a little health from kills.
                  | [demonic ancestry]
  1685 | D:2      | Reached XP level 4. HP: 34/35 MP: 6/6
  2071 | D:3      | Found a transporter.
  2085 | D:3      | Found a transporter.
  2087 | D:3      | Noticed mitchisshort's ghost (amateur FoFi)
  2768 | D:4      | Noticed Ijyb
  2768 | D:4      | Noticed an ogre
  2844 | D:4      | Noticed Sigmund
  2864 | D:4      | Killed Sigmund
  2865 | D:4      | Reached XP level 5. HP: 5/42 MP: 6/8
  3139 | D:4      | Noticed Grinder
  3149 | D:4      | Annihilated by an ogre

Illustrated notes

Levels and vault maps discovered:
D:1:      eino_arrival_tree_alley, layout_basic
D:2:      minmay_recursive_quarters, layout_rooms,
          hellmonk_ecumenical_altar_blasted, hex_intersection
D:3:      layout_basic, gammafunk_ghost_stat_death, nicolae_titane
D:4:      layout_rooms, nicolae_wu_jian_immortal_techniques, nrook_mini_vaults,
          uniq_ijyb, uniq_sigmund, uniq_grinder

Skill      XL: |  1  2  3  4 |
---------------+-------------+-----
Spellcasting   | 1 2 |  2.3
Armour         | 2 |  2.2
Ranged Weapons | 1 3 |  3.2
Dodging        | 1 |  1.2
Fighting       | |  3.8
Axes           | |  1.8
Stealth        | |  0.6
Invocations    | |  2.7

Action                   |  1- 3 |  4- 6 || total
-------------------------+-------+-------++-------
Melee: Hand axe          |     6 |     6 ||    12
 Fire: Sling             |    88 |    55 ||   143
  Use: Potion            |     1 |     6 ||     7
       Scroll            |       |     2 ||     2
Armor: Leather armour    |    18 |     6 ||    24
Dodge: Dodged            |    28 |     9 ||    37
